 Dungeon Crawl Stone Soup version 0.26-a0-606-g3c8f2f65f7 (webtiles) character file.

Game seed: 14099227994526394141

3271 ANON1729 the Blocker (level 10, -5/80 HPs)
             Began as a Formicid Fighter on Sept 1, 2020.
             Was a Follower of Okawaru.
             Shot with a sling bullet by Joseph (10 damage)
             ... on level 7 of the Dungeon.
             The game lasted 00:10:45 (7198 turns).

ANON1729 the Blocker (Formicid Fighter)             Turns: 7198, Time: 00:10:46

Health: -5/80      AC:  8    Str: 23    XL:     10   Next: 19%
Magic:  12/12      EV:  9    Int:  9    God:    Okawaru [*.....]
Gold:   367        SH: 11    Dex: 10    Spells: 9/9 levels left

rFire    + . .     SeeInvis +   a - +0 long sword
rCold    . . .     Faith    .   c - +0 kite shield
rNeg     . . .     Spirit   .   b - +0 scale mail
rPois    .         Reflect  .   (helmet unavailable)
rElec    .         Harm     .   (no cloak)
rCorr    .                      (no gloves)
MR       +....                  (no boots)
Stlth    ..........             (no amulet)
HPRegen  0.23/turn              (no ring)
MPRegen  0.13/turn              w - ring of protection from fire

@: mighty, very slightly contaminated, invisible
A: permanent stasis, dig shafts and tunnels, four strong arms, antennae 3
a: Dig, Shaft Self, Heroism, Renounce Religion


You were on level 7 of the Dungeon.
You worshipped Okawaru.
Okawaru was aware of your devotion.
You visited 2 branches of the dungeon, and saw 8 of its levels.
You also visited: Ossuary.

You collected 367 gold pieces.

Inventory:

Hand Weapons
 a - a +0 long sword (weapon)
 x - a +1 rapier of electrocution
Armour
 b - a +0 scale mail (worn)
 c - a +0 kite shield (worn)
Jewellery
 w - a ring of protection from fire (right hand)
 y - a cursed -4 ring of strength {unknown}
Wands
 p - a wand of digging (5)
 t - a wand of polymorph (11)
 u - a wand of paralysis (6)
 B - a wand of random effects (7)
Scrolls
 e - 3 scrolls of enchant weapon {unknown}
 f - 9 scrolls of identify {unknown}
 g - 2 scrolls of blinking {unknown}
 h - 2 scrolls of magic mapping {unknown}
 k - 3 scrolls of enchant armour {unknown}
 o - 6 scrolls of remove curse {unknown}
 q - 5 scrolls of teleportation {unknown}
 r - 2 scrolls of fog {unknown}
 C - a scroll of amnesia {unknown}
Potions
 d - a potion of might
 i - a potion of invisibility
 l - a potion of stabbing
 m - a potion of cancellation {unknown}
 n - a potion of resistance {unknown}
 s - a potion of heal wounds {unknown}
 v - a potion of flight
 z - a potion of haste {unknown}
 A - a potion of degeneration {unknown}
 D - a potion of ambrosia {unknown}


   Skills:
 + Level 8.0 Fighting
 + Level 6.8 Long Blades
 + Level 8.0 Armour
 + Level 8.8 Shields
 * Level 3.9 Invocations


You had 9 spell levels left.
You didn't know any spells.
Your spell library contained the following spells:

 Spells                   Type           Power        Failure   Level
 Foxfire                  Conj/Fire      #...         67%         1
 Conjure Flame            Conj/Fire      #.......     96%         3
 Inner Flame              Hex/Fire       #.......     96%         3
 Sticky Flame             Conj/Fire      #.......     100%        4
 Fireball                 Conj/Fire      #.........   100%        5


Dungeon Overview and Level Annotations

Branches:
Dungeon (7/15)             Temple (1/1) D:6         Ossuary (visited)

Altars:
Ashenzari
Cheibriados
Elyvilon
Gozag
Hepliaklqana
Makhleb
Nemelex Xobeh
Okawaru
Qazlal
Ru
Trog
Uskayaw
Vehumet
Wu Jian
Xom
Yredelemnul
Zin
The Shining One

Annotations:
D:6 exclusion: upstairs
D:7 Joseph


Innate Abilities, Weirdness & Mutations

You cannot be hasted, slowed, berserked, paralysed or teleported.
You can dig through walls and to a lower floor.
Your four strong arms can wield two-handed weapons with a shield.
You have a pair of large antennae on your head. (SInv)


Message History

You feel better. You block Joseph's attack.
You feel very mighty all of a sudden. Joseph hits you with a +0 quarterstaff!
* * * LOW HITPOINT WARNING * * *
You feel better. Joseph hits you with a +0 quarterstaff.
* * * LOW HITPOINT WARNING * * *
You feel better. Joseph hits you with a +0 quarterstaff.
* * * LOW HITPOINT WARNING * * *
It was a potion of invisibility.
You fade into invisibility!
Joseph hits you with a +0 quarterstaff.
* * * LOW HITPOINT WARNING * * *
You are very lightly contaminated with residual magic.
You hit Joseph.
Joseph is heavily wounded.
A leopard gecko skeleton comes into view.
Joseph barely misses you.
Joseph unwields a +0 quarterstaff.
Joseph wields a +0 hunting sling.
Joseph shoots a sling bullet.
The sling bullet hits you!
You die...

#......# #......#
##.##......###### #
#....†.....'....#
###.######.....####.########
...........(........Z.......
#####......#######.########
#####.####.#######Z########
+.............@..@.(......+
#####.####.#######.########
#.# #.# ...# #.# #.. ..@..#
#.# #.....# #.###### #...).#
{ #......# #.....# #......#
#...... #......#


You could see Joseph and a leopard gecko skeleton (wandering).

Vanquished Creatures
  Pikel (D:6)
  Prince Ribbit (D:5)
  Grinder (D:3)
  Eustachio (D:5)
  Edmund (D:5)
  2 ice beasts
  2 orc warriors (D:6)
  A phantom (D:7)
  Purgy (D:3)
  3 eyes of draining (D:3)
  An ogre (D:5)
  3 centaurs
  A lemure (D:6)
  An elf zombie (Ossuary)
  4 scorpions
  A howler monkey (D:4)
  3 centaur zombies (Ossuary)
  2 human zombies (Ossuary)
  2 iguanas
  2 worker ants (D:4)
  Natasha (thrice) (D:6)
  A big kobold zombie (Ossuary)
  3 hound zombies
  2 hound skeletons (D:4)
  3 mummies (Ossuary)
  4 gnolls (D:4)
  A howler monkey skeleton (D:5)
  4 adders
  A shadow imp (D:5)
  2 ufetubi
  An ooze (D:3)
  6 adder zombies
  3 worms
  A dart slug (D:3)
  7 leopard geckos
  15 orcs
  A ball python (D:6)
  7 bats
  5 giant cockroaches
  A gnoll zombie (Ossuary)
  11 goblins
  6 hobgoblins
  13 jackals
  2 quokkas
  12 frilled lizards
  2 goblin zombies (Ossuary)
  3 hobgoblin zombies (Ossuary)
  4 jackal zombies
  9 kobolds
  6 kobold zombies (Ossuary)
  A leopard gecko skeleton (D:6)
  An orc zombie (Ossuary)
  A quokka zombie (Ossuary)
  5 rats
  3 rat zombies
184 creatures vanquished.

Vanquished Creatures (others)
  10 plants (D:6)
10 creatures vanquished.

Grand Total: 194 creatures vanquished

Notes
Turn   | Place    | Note
-------+----------+-------------------------------------------
     0 | D:1      | ANON1729 the Formicid Fighter began the quest for the Orb.
     0 | D:1      | Reached XP level 1. HP: 18/18 MP: 1/1
   141 | D:1      | Reached XP level 2. HP: 24/24 MP: 2/2
   635 | D:2      | Reached XP level 3. HP: 29/29 MP: 3/3
   826 | D:2      | Noticed an ice beast
   848 | D:2      | Killed an ice beast
   848 | D:2      | Reached XP level 4. HP: 12/37 MP: 4/4
   848 | D:2      | Reached XP level 5. HP: 13/42 MP: 5/5
  1349 | D:2      | Found a glowing golden altar of the Shining One.
  1702 | D:3      | Noticed Grinder
  1717 | D:3      | Killed Grinder
  1717 | D:3      | Reached skill level 5 in Shields
  1717 | D:3      | Reached XP level 6. HP: 29/50 MP: 6/6
  1933 | D:3      | Noticed an eye of draining
  1935 | D:3      | Found a bloodstained altar of Trog.
  1935 | D:3      | Noticed an eye of draining
  1935 | D:3      | Noticed an eye of draining
  1949 | D:3      | Killed an eye of draining
  1949 | D:3      | Reached skill level 5 in Fighting
  1949 | D:3      | Reached skill level 5 in Armour
  1949 | D:3      | Reached XP level 7. HP: 56/56 MP: 0/7
  2052 | D:3      | Noticed Natasha
  2269 | D:3      | Noticed Purgy
  2280 | D:3      | Killed Purgy
  2280 | D:3      | Reached XP level 8. HP: 45/63 MP: 8/8
  2336 | D:4      | Found a burning altar of Makhleb.
  2388 | D:4      | Found a stormy altar of Qazlal.
  2562 | D:4      | Found a sacrificial altar of Ru.
  2676 | D:4      | Found a sand-covered staircase.
  2688 | Ossuary  | Entered an ossuary
  2947 | Ossuary  | Reached skill level 5 in Long Blades
  3444 | D:4      | Reached XP level 9. HP: 59/71 MP: 9/9
  3605 | D:5      | Entered Level 5 of the Dungeon
  3769 | D:5      | Noticed Prince Ribbit
  3788 | D:5      | HP: 1/71 [orc (4)]
  3797 | D:5      | Killed Prince Ribbit
  4349 | D:5      | Found a hide-covered altar of Uskayaw.
  4389 | D:5      | Noticed Edmund
  4409 | D:5      | Killed Edmund
  4855 | D:5      | Noticed Eustachio
  4949 | D:5      | Killed Eustachio
  5270 | D:5      | Found a radiant altar of Vehumet.
  5471 | D:6      | Killed Natasha
  5498 | D:6      | Found a staircase to the Ecumenical Temple.
  5526 | Temple   | Entered the Ecumenical Temple
  5741 | Temple   | Became a worshipper of Warmaster Okawaru
  6177 | D:6      | Noticed Natasha
  6193 | D:6      | Killed Natasha
  6390 | D:6      | Noticed Natasha
  6394 | D:6      | Killed Natasha
  6501 | D:6      | Noticed Pikel
  6540 | D:6      | Killed Pikel
  6540 | D:6      | Reached * piety under Okawaru
  6540 | D:6      | Reached XP level 10. HP: 53/80 MP: 9/12
  6652 | D:5      | Noticed a rust devil
  6652 | D:5      | Noticed a rust devil
  7120 | D:7      | Found a shimmering altar of Xom.
  7121 | D:7      | Found a shimmering altar of Xom.
  7121 | D:7      | Found a shimmering altar of Xom.
  7121 | D:7      | Found a shimmering altar of Xom.
  7122 | D:7      | Found a shimmering altar of Xom.
  7169 | D:7      | Noticed Joseph
  7188 | D:7      | HP: 2/80 [Joseph/+0 quarterstaff (16)]
  7194 | D:7      | HP: 4/80 [Joseph/+0 quarterstaff (6)]
  7198 | D:7      | Shot with a sling bullet by Joseph

Illustrated notes

Levels and vault maps discovered:
D:1:      ncdulo_wetmaze, layout_basic
D:2:      cheibrodos_helix_gallery, layout_basic, tso_altar,
          serial_corexii_hall, chequers_hall_statues_wall_a,
          corexii_hall_statues_s, minmay_pentomino_v2
D:3:      layout_loops_cross, trog_eyes_of_draining, uniq_natasha, uniq_grinder,
          uniq_purgy
D:4:      layout_gridville, overflow_temple_1_default,
          nicolae_ru_sacrificial_ziggurat, nicolae_qazlal_general_emergency,
          enter_ossuary_3, hangedman_decor_points
D:5:      cheibrodos_iron_armory, layout_cave_pods,
          lemuel_coloured_pillars_altar, lemuel_doored_altar, uniq_eustachio,
          uniq_edmund, uniq_prince_ribbit1
D:6:      layout_gridville, minmay_temple_entry_wispy, minmay_lizard_king,
          uniq_pikel
D:7:      layout_basic, xom_shifter_show, uniq_joseph
Temple:   dpeg_chambers_temple

Skill      XL: |  1  2  3  4  5  6  7  8  9 10 |
---------------+-------------------------------+-----
Shields        | 4 5 6 7 8 |  8.8
Fighting       | 4 5 6 7 8 |  8.0
Long Blades    | 3 4 5 6 |  6.8
Armour         | 4 5 6 7 8 |  8.0
Invocations    | 2 3 |  3.9

Action                   |  1- 3 |  4- 6 |  7- 9 | 10-12 || total
-------------------------+-------+-------+-------+-------++-------
Melee: Long sword        |   109 |    99 |   580 |    46 ||   834
       Unarmed           |       |       |     5 |       ||     5
 Abil: Dig               |       |       |       |     1 ||     1
Evoke: Wand              |       |       |     7 |     6 ||    13
  Use: Potion            |       |       |     2 |     8 ||    10
 Stab: Paralysed         |       |       |     3 |       ||     3
Armor: Scale mail        |    63 |    37 |   192 |     3 ||   295
Dodge: Dodged            |    33 |    34 |   216 |    13 ||   296
Block: Kite shield       |    60 |    54 |   331 |    20 ||   465
       Rpst.: Long sword |    10 |     9 |    70 |     4 ||    93

Table legend: (Time is in decaauts)
 A = Elapsed time spent in this place.
 B = Non-inter-level travel time spent in this place.
 C = Inter-level travel time spent in this place.
 D = Time resting spent in this place.
 E = Time spent auto-exploring this place.
 F = Levels seen in this place.
 G = Mean time per level.
                   A        B        C        D        E       F      G
               +--------+--------+--------+--------+--------+-----+--------+
         Total |   7350 |   7185 |    165 |   1930 |   3640 |   9 |  816.7 |
       Dungeon |   6594 |   6437 |    157 |   1781 |   3349 |   7 |  942.0 |
        Temple |    223 |    215 |      8 |      0 |    184 |   1 |  223.0 |
       Ossuary |    532 |    532 |      0 |    149 |    107 |   1 |  532.0 |
               +--------+--------+--------+--------+--------+-----+--------+

Top non-repeatable levels by time:
     D:5: 1817 daAuts
     D:6: 1401 daAuts
     D:2: 931 daAuts
     D:3: 846 daAuts
     D:4: 795 daAuts
     D:1: 635 daAuts
 Ossuary: 532 daAuts
  Temple: 223 daAuts
     D:7: 168 daAuts
